 Dungeon Crawl Stone Soup version 0.26.0-10-g1f06aea511 (webtiles) character file.

Game seed: 2451119431555373262

46 wakim the Insei (level 3, -2/26 HPs)
             Began as a Merfolk Transmuter on Jan 25, 2021.
             Slain by Robin
             ... wielding a +0 dagger
              (3 damage)
             ... on level 2 of the Dungeon.
             The game lasted 00:07:57 (1162 turns).

wakim the Insei (Merfolk Transmuter)                Turns: 1162, Time: 00:07:58

Health: -2/26      AC:  3    Str: 10    XL:     3   Next: 66%
Magic:  6/6        EV: 13    Int: 13    God:
Gold:   53         SH:  0    Dex: 14    Spells: 3/6 levels left

rFire    . . .     SeeInvis .   a - +1 spear (vorpal)
rCold    . . .     Faith    .   (no shield)
rNeg     . . .     Spirit   .   b - +0 leather armour
rPois    .         Reflect  .   (no helmet)
rElec    .         Harm     .   (no cloak)
rCorr    .         Rampage  .   (no gloves)
Will     .....                  (no boots)
Stlth    +.........             (no amulet)
HPRegen  0.08/turn              (no ring)
MPRegen  0.10/turn              (no ring)

@: no status effects
A: change form in water, swift swim, stealthy swim
a: no special abilities


You were on level 2 of the Dungeon.
You visited 1 branch of the dungeon, and saw 2 of its levels.

You collected 53 gold pieces.

Inventory:

Hand Weapons
 a - a +1 vorpal spear (weapon)
Missiles
 f - 8 silver boomerangs
Armour
 b - a +0 leather armour (worn)
Scrolls
 c - a scroll of enchant weapon {unknown}
Potions
 d - a potion of might {unknown}
 e - a potion of ambrosia {unknown}


   Skills:
 + Level 1.6 Fighting
 + Level 0.7 Polearms
 + Level 3.2 Dodging
 - Level 0.6 Stealth
 * Level 3.7 Unarmed Combat
 + Level 2.2 Spellcasting
 * Level 3.3 Transmutations


You had 3 spell levels left.
You knew the following spells:

 Your Spells              Type           Power        Failure   Level
a - Beastly Appendage     Tmut           20%          9%          1
b - Wereblood             Tmut           10%          13%         2

Your spell library contained the following spells:

 Spells                   Type           Power        Failure   Level
 Spider Form              Tmut/Pois      2%           45%         3
 Ice Form                 Ice/Tmut       5%           86%         4
 Blade Hands              Tmut           5%           93%         5


Dungeon Overview and Level Annotations

Branches:
Dungeon (2/15)

Altars:

Annotations:
D:2 Robin


Message History

The hobgoblin barely misses you. The goblin barely misses you.
Robin barely misses you.
You barely miss Robin.
Robin is almost dead.
The hobgoblin hits you but does no damage.
The goblin closely misses you. Robin hits you but does no damage.
You hit Robin but do no damage.
Robin is almost dead.
The hobgoblin barely misses you. The goblin hits you with a +0 club.
* * * LOW HITPOINT WARNING * * *
Robin completely misses you.
You hit Robin but do no damage.
Robin is almost dead.
The hobgoblin barely misses you. Robin completely misses you.
The goblin misses you. The hobgoblin hits you.
* * * LOW HITPOINT WARNING * * *
Robin flexes a bicep menacingly.
Robin hits you with a +0 dagger.
You die...

###############
..#.........)...#
#.#.###########.# #.#.#
##### #.# #.#.# #...#
#.# #.#.# #...# #.#
#[#.####...####.#######
#.#.#.........#g@.....#
.............†g)g..##.#
..............####.##.#
.......>)..#### #.##.#
..#....(†..# #.##.#####
..#........# #.##.....#
......###### ..######.#
......# ..# #.#
..##.##### ..# #.#


You could see Robin, a hobgoblin (strong) and a goblin (strong).

Vanquished Creatures
  3 dart slugs
  3 bats
  3 giant cockroaches
  11 goblins
  5 hobgoblins
  5 kobolds (D:1)
  5 frilled lizards
  A rat (D:1)
36 creatures vanquished.

Notes
Turn   | Place    | Note
-------+----------+-------------------------------------------
     0 | D:1      | wakim the Merfolk Transmuter began the quest for the Orb.
     0 | D:1      | Reached XP level 1. HP: 15/15 MP: 3/3
   279 | D:1      | Reached XP level 2. HP: 20/21 MP: 5/5
   475 | D:1      | Learned a level 2 spell: Wereblood
   966 | D:2      | Reached XP level 3. HP: 26/26 MP: 6/6
  1149 | D:2      | Noticed Robin
  1162 | D:2      | HP: 1/26 [hobgoblin[Robin] (6)]
  1162 | D:2      | Slain by Robin

Illustrated notes

Levels and vault maps discovered:
D:1:      dpeg_arrival_boxorama, layout_basic
D:2:      layout_loops_ring, nicolae_ru_sacrificial_ziggurat, minmay_cut_off,
          uniq_natasha, uniq_robin

Skill      XL: |  1  2 |
---------------+-------+-----
Dodging        | 3 |  3.2
Transmutations | 3 |  3.3
Fighting       | |  1.6
Polearms       | |  0.7
Stealth        | |  0.6
Unarmed Combat | |  3.7
Spellcasting   | |  2.2

Action                   || total
-------------------------++-------
Melee: Unarmed           ||    28
       Headbutt          ||     1
       Spear             ||    98
 Cast: Beastly Appendage ||     2
       Wereblood         ||     1
 Stab: Sleeping          ||     4
Armor: Leather armour    ||    21
Dodge: Dodged            ||    81
